 Dungeon Crawl Stone Soup version 0.23.0-3-gf3c87f2 (webtiles) character file.

Game seed: 3992757024083735221

18 scar656 the Grasshopper (level 2, -7/18 (24) HPs)
             Began as a Ghoul Warper on Feb 22, 2019.
             Mangled by a gnoll
             ... wielding a +0 halberd
              (18 damage)
             ... on level 1 of the Dungeon.
             The game lasted 00:03:15 (1664 turns).

scar656 the Grasshopper (Ghoul Warper)              Turns: 1664, Time: 00:03:16

HP:   -7/18 (24)    AC:  3    Str: 14    XL:     2   Next: 70%
MP:   3/3           EV: 11    Int:  8    God:
Gold: 4             SH:  0    Dex:  8    Spells: 4/4 levels left

rFire    . . .     SeeInvis .   g - +0 club
rCold    + . .     Gourm    .   (no shield)
rNeg     + + +     Faith    .   a - +0 leather armour
rPois    ∞         Spirit   .   (no helmet)
rElec    .         Reflect  .   (no cloak)
rCorr    .         Harm     .   (no gloves)
MR       .....                  (no boots)
Stlth    +.........             (no amulet)
HPRegen  0.00/turn              (no ring)
MPRegen  0.08/turn              (no ring)

@: rotting
A: rotting body, claws 1, carnivore, cold resistance 1, negative energy
resistance 3, inhibited regeneration, torment resistance, unbreathing
a: no special abilities


You were on level 1 of the Dungeon.
You were not hungry.

You visited 1 branch of the dungeon, and saw 1 of its levels.

You collected 4 gold pieces.

Inventory:

Hand Weapons
 g - a +0 club (weapon)
Missiles
 d - 5 tomahawks of dispersal (quivered)
 i - 24 bolts
Armour
 a - a +0 leather armour (worn)
Scrolls
 b - a scroll of identify {unknown}
 c - a scroll of blinking
 e - a scroll of immolation {unknown}
Potions
 h - a potion of might {unknown}
Comestibles
 f - a ration


   Skills:
 + Level 2.1 Fighting
 + Level 0.9 Throwing
 + Level 1.2 Armour
 + Level 2.0 Dodging
 + Level 0.7 Stealth
 + Level 2.6 Unarmed Combat
 + Level 1.9 Spellcasting
   Level 2.6 Translocations


You had 4 spell levels left.
You didn't know any spells.
Your spell library contained the following spells:

 Spells                   Type           Power        Failure   Level  Hunger
 Blink                    Tloc           N/A          22%         2    ###....
 Shroud of Golubria       Chrm/Tloc      #.........   36%         2    ###....
 Gell's Gravitas          Tloc           #.........   41%         3    ####...
 Lesser Beckoning         Tloc           #.........   41%         3    ####...
 Teleport Other           Tloc           #.......     41%         3    ####...
 Passage of Golubria      Tloc           N/A          82%         4    #####..


Dungeon Overview and Level Annotations

Branches:
Dungeon (1/15)

Altars:


Innate Abilities, Weirdness & Mutations

Your body is rotting away.
You thrive on raw meat.
You are immune to poison.
You have sharp fingernails.
You are carnivorous and can eat meat at any time.
Your flesh is cold resistant. (rC+)
You are immune to negative energy. (rN+++)
You do not regenerate when monsters are visible.
You are immune to unholy pain and torment.
You can survive without breathing.


Message History

You see here 24 bolts.
You see here 24 bolts.
You start waiting.
Done waiting.
You see here 24 bolts.
i - 24 bolts You see here a cursed -1 short sword.
You see here a +0 dagger.
You open the door.
There is an open door here.
There is an open door here.
You open the door.
A gnoll and a dart slug come into view.
The gnoll shouts!
The gnoll hits you from afar with a +0 halberd!
There is an open door here.
The dart slug bites you but does no damage.
The gnoll hits you with a +0 halberd!!
Ouch! That really hurt!
You die...

# # # ###
###+##### ..#
#.......# ..#
#.......# ..#
#.......# ..#
#.......# ..#
#.w@g...#.# ###
#.........# #
###'#.....# #
#.#.....# # #.#
..... # #.# .....
# #.# .... #.#
....
################.#


You could see a gnoll and a dart slug.

Vanquished Creatures
  A leopard gecko (D:1)
  2 giant cockroaches (D:1)
  A goblin (D:1)
  3 hobgoblins (D:1)
  4 bats (D:1)
  3 frilled lizards (D:1)
  3 kobolds (D:1)
  A rat (D:1)
18 creatures vanquished.

Notes
Turn   | Place    | Note
-------+----------+-------------------------------------------
     0 | D:1      | scar656 the Ghoul Warper began the quest for the Orb.
     0 | D:1      | Reached XP level 1. HP: 17/17 MP: 2/2
   807 | D:1      | Reached XP level 2. HP: 22/22 MP: 3/3
   937 | D:1      | Reached skill level 1 in Armour
  1664 | D:1      | Mangled by a gnoll

Skill      XL: |  1  2 |
---------------+-------+-----
Armour         | 1 |  1.2
Dodging        | 2 |  2.0
Fighting       | |  2.1
Throwing       | |  0.9
Stealth        | |  0.7
Unarmed Combat | |  2.6
Spellcasting   | |  1.9
Translocations | |  2.6

Action                   || total
-------------------------++-------
Melee: Unarmed           ||    43
       Club              ||    22
       Punch             ||     1
  Eat: Ration            ||     1
Armor: Leather armour    ||    52
Dodge: Dodged            ||   112
